PAA
YAKIMA HOPS @ VIRGINIA PALLADIUM SOX
08/24/2038
 
TOP OF THE 1ST
Yakima Hops batting - Pitching for Virginia Palladium Sox : LHP Sergio Gallegos
Pitching: LHP Sergio Gallegos
Batting: RHB Tom Taylor 0-0: Ball
1-0: Ball
2-0: Ball
3-0: Called Strike
3-1: Foul Ball, location: 2F
3-2: Foul Ball, location: 2F
3-2: Fly out, F2 (Popup, 23F, EV 78.1 MPH)
Batting: RHB Sebastian Franke 0-0: Ball
1-0: Foul Ball, location: 2F
1-1: Called Strike
1-2: Strikes out swinging
Batting: RHB Tokaji Heida 0-0: Ball
1-0: Called Strike
1-1: Called Strike
1-2: Ball
2-2: Strikes out swinging
Top of the 1st over - 0 runs, 0 hits, 0 errors, 0 left on base; Yakima 0 - Virginia 0
BOTTOM OF THE 1ST
Virginia Palladium Sox batting - Pitching for Yakima Hops : RHP Félix Aiza
Pitching: RHP Félix Aiza
Batting: LHB Jorge Castillo 0-0: Swinging Strike
0-1: Swinging Strike
0-2: Strikes out swinging
Batting: RHB John Ryan 0-0: Foul Ball, location: 2F
0-1: Ball
1-1: Foul Ball, location: 2F
1-2: Ball
2-2: Strikes out swinging
Batting: LHB Chris Fitzgerald 0-0: Ball
1-0: Ball
2-0: Ball
3-0: Base on Balls
Batting: RHB Cristo Cuervo 0-0: Swinging Strike
0-1: Ball
1-1: Foul Ball, location: 2F
1-2: Fly out, F8 (Flyball, 8LXD, EV 80.6 MPH)
Bottom of the 1st over - 0 runs, 0 hits, 0 errors, 1 left on base; Yakima 0 - Virginia 0
TOP OF THE 2ND
Yakima Hops batting - Pitching for Virginia Palladium Sox : LHP Sergio Gallegos
Batting: RHB Stock Tonports 0-0: Foul Ball, location: 2F
0-1: Ball
1-1: Foul Ball, location: 2F
1-2: Ball
2-2: Ball
3-2: Ground out 6-3 (Groundball, 6, EV 78.8 MPH)
Batting: RHB Ezra Booth 0-0: Foul Ball, location: 2F
0-1: Foul Ball, location: 2F
0-2: Fly out, F8 (Line Drive, 8RM, EV 90.6 MPH)
Batting: LHB Doug Cole 0-0: Foul Ball, location: 2F
0-1: SOLO HOME RUN (Flyball, 9LD, EV 86.9 MPH), Distance : 333 ft
Batting: RHB José Hernández 0-0: Ball
1-0: Ball
2-0: Ball
3-0: Called Strike
3-1: Swinging Strike
3-2: Ground out 5-3 (Groundball, 5, EV 86.9 MPH)
Top of the 2nd over - 1 run, 1 hit, 0 errors, 0 left on base; Yakima 1 - Virginia 0
BOTTOM OF THE 2ND
Virginia Palladium Sox batting - Pitching for Yakima Hops : RHP Félix Aiza
Batting: RHB Seung-hwan Pak 0-0: Foul Ball, location: 2F
0-1: Ground out 5-3 (Groundball, 56, EV 76.9 MPH)
Batting: RHB Leonard Carroll 0-0: Ball
1-0: Ball
2-0: Called Strike
2-1: DOUBLE (Line Drive, 7LM, EV 106.9 MPH)
Batting: RHB Juan Ocasio 0-0: Ball
1-0: Ball
2-0: Hit by Pitch
Batting: RHB Andre Fezzik 0-0: Called Strike
0-1: Foul Ball, location: 2F
0-2: Ball
1-2: Strikes out swinging
Batting: RHB Dave Lewis 0-0: Foul Ball, location: 2F
0-1: Ball
1-1: Ball
2-1: Swinging Strike
2-2: Foul Ball, location: 2F
2-2: Foul Ball, location: 2F
2-2: Foul Ball, location: 2F
2-2: Ball
3-2: Fly out, F4 (Flyball, 34D, EV 79.4 MPH)
Bottom of the 2nd over - 0 runs, 1 hit, 0 errors, 2 left on base; Yakima 1 - Virginia 0
TOP OF THE 3RD
Yakima Hops batting - Pitching for Virginia Palladium Sox : LHP Sergio Gallegos
Batting: LHB Flint Myers 0-0: Fly out, F7 (Flyball, 7S, EV 95.0 MPH)
Batting: SHB Pedro Montoya 0-0: Ball
1-0: Called Strike
1-1: Ground out 4-3 (Groundball, 4S, EV 71.9 MPH)
Batting: RHB Tom Taylor 0-0: Ball
1-0: Ball
2-0: SINGLE (Line Drive, 7S, EV 102.5 MPH)
Batting: RHB Sebastian Franke 0-0: Called Strike
0-1: Swinging Strike
0-2: Strikes out swinging
Top of the 3rd over - 0 runs, 1 hit, 0 errors, 1 left on base; Yakima 1 - Virginia 0
BOTTOM OF THE 3RD
Virginia Palladium Sox batting - Pitching for Yakima Hops : RHP Félix Aiza
Batting: LHB Jorge Castillo 0-0: Ball
1-0: Ball
2-0: Called Strike
2-1: Ball
3-1: Called Strike
3-2: Strikes out looking
Batting: RHB John Ryan 0-0: Swinging Strike
0-1: Called Strike
0-2: Ball
1-2: Strikes out swinging
Batting: LHB Chris Fitzgerald 0-0: Foul Ball, location: 2F
0-1: Foul Ball, location: 2F
0-2: Ball
1-2: Ball
2-2: Foul Ball, location: 2F
2-2: Fly out, F6 (Line Drive, 6, EV 67.5 MPH)
Bottom of the 3rd over - 0 runs, 0 hits, 0 errors, 0 left on base; Yakima 1 - Virginia 0
TOP OF THE 4TH
Yakima Hops batting - Pitching for Virginia Palladium Sox : LHP Sergio Gallegos
Batting: RHB Tokaji Heida 0-0: Ball
1-0: Ball
2-0: Ball
3-0: Called Strike
3-1: DOUBLE (Line Drive, 78M, EV 106.2 MPH)
Batting: RHB Stock Tonports 0-0: Ball
1-0: Foul Ball, location: 2F
1-1: Ball
2-1: Called Strike
2-2: Ball
3-2: Strikes out swinging
Batting: RHB Ezra Booth 0-0: Ball
1-0: Called Strike
1-1: SINGLE (Line Drive, 8RS, EV 108.1 MPH)
Tokaji Heida to third
Runner from 3rd tries for Home, SAFE, throw by CF to home
Batting: LHB Doug Cole 0-0: 2-RUN HOME RUN (Flyball, 89XD, EV 101.9 MPH), Distance : 402 ft
Batting: RHB José Hernández 0-0: Called Strike
0-1: Swinging Strike
0-2: Ball
1-2: Ball
2-2: Foul Ball, location: 2F
2-2: Ball
3-2: Fly out, F8 (Flyball, 8RM, EV 85.6 MPH)
Batting: LHB Flint Myers 0-0: Ball
1-0: Called Strike
1-1: Called Strike
1-2: Ball
2-2: Strikes out swinging
Top of the 4th over - 3 runs, 3 hits, 0 errors, 0 left on base; Yakima 4 - Virginia 0
BOTTOM OF THE 4TH
Virginia Palladium Sox batting - Pitching for Yakima Hops : RHP Félix Aiza
Batting: RHB Cristo Cuervo 0-0: Ball
1-0: Fly out, F7 (Flyball, 7D, EV 100.6 MPH)
Batting: RHB Seung-hwan Pak 0-0: Foul Ball, location: 2F
0-1: Foul Ball, location: 2F
0-2: Foul Ball, location: 2F
0-2: SINGLE (Groundball, 6MD, EV 103.8 MPH)
Batting: RHB Leonard Carroll 0-0: Ball
1-0: Ball
2-0: Called Strike
2-1: Ball
3-1: Base on Balls
Seung-hwan Pak to second
Batting: RHB Juan Ocasio 0-0: Called Strike
0-1: Ball
1-1: Ball
2-1: Foul Ball, location: 2F
2-2: SINGLE (Line Drive, 7S, EV 104.4 MPH)
Seung-hwan Pak to third
Leonard Carroll to second
Runner from 3rd tries for Home, SAFE, no throw by LF
Batting: RHB Andre Fezzik 0-0: Called Strike
0-1: Ball
1-1: Ball
2-1: Foul Ball, location: 2F
2-2: Foul Ball, location: 2F
2-2: Ball
3-2: Reached via error on a dropped throw from 2B, E6 (Groundball, 4, EV 89.4 MPH)
Leonard Carroll to third
Juan Ocasio to second
Batting: RHB Dave Lewis 0-0: Called Strike
0-1: Swinging Strike
0-2: Ball
1-2: SINGLE (Groundball, 6D, EV 102.5 MPH)
Leonard Carroll scores
Juan Ocasio to third
Andre Fezzik to second
Runner from 3rd tries for Home, SAFE, no throw by CF
Batting: LHB Jorge Castillo 0-0: Ball
1-0: Foul Ball, location: 2F
1-1: Foul Ball, location: 2F
1-2: Fielders Choice at 2nd, 4-6 (Groundball, 4, EV 86.9 MPH)
Andre Fezzik to third
Batting: RHB John Ryan 0-0: Called Strike
0-1: Ball
1-1: Called Strike
1-2: Strikes out swinging
Bottom of the 4th over - 3 runs, 3 hits, 1 error, 2 left on base; Yakima 4 - Virginia 3
TOP OF THE 5TH
Yakima Hops batting - Pitching for Virginia Palladium Sox : LHP Sergio Gallegos
Batting: SHB Pedro Montoya 0-0: Ball
1-0: Foul Ball, location: 2F
1-1: Ball
2-1: Ground out 5-3 (Groundball, 56, EV 90.6 MPH)
Batting: RHB Tom Taylor 0-0: Ball
1-0: Ground out 1-3 (Groundball, P, EV 82.5 MPH)
Batting: RHB Sebastian Franke 0-0: Ground out 5-3 (Groundball, 56, EV 89.4 MPH)
Top of the 5th over - 0 runs, 0 hits, 0 errors, 0 left on base; Yakima 4 - Virginia 3
BOTTOM OF THE 5TH
Virginia Palladium Sox batting - Pitching for Yakima Hops : RHP Félix Aiza
Batting: LHB Chris Fitzgerald 0-0: Ball
1-0: Ball
2-0: Called Strike
2-1: Called Strike
2-2: Ball
3-2: SINGLE (Line Drive, 4D, EV 109.4 MPH)
Pitching: RHP Ryan Moreno
Batting: RHB Cristo Cuervo 0-0: Foul Ball, location: 2F
0-1: Called Strike
0-2: Ball
1-2: Grounds into double play, 5-4-3 (Groundball, 5, EV 91.2 MPH)
Batting: RHB Seung-hwan Pak 0-0: Ball
1-0: Ball
2-0: Ball
3-0: Called Strike
3-1: Foul Ball, location: 2F
3-2: Strikes out swinging
Bottom of the 5th over - 0 runs, 1 hit, 0 errors, 0 left on base; Yakima 4 - Virginia 3
TOP OF THE 6TH
Yakima Hops batting - Pitching for Virginia Palladium Sox : LHP Sergio Gallegos
Batting: RHB Tokaji Heida 0-0: Foul Ball, location: 2F
0-1: Ball
1-1: Foul Ball, location: 2F
1-2: Ball
2-2: Foul Ball, location: 2F
2-2: Ball
3-2: Base on Balls
Batting: RHB Stock Tonports 0-0: Called Strike
0-1: Ball
1-1: Swinging Strike
1-2: Foul Ball, location: 2F
1-2: Ball
2-2: Foul Ball, location: 2F
2-2: Grounds into double play, 4-6-3 (Groundball, 34, EV 81.2 MPH)
Batting: RHB Ezra Booth 0-0: Ball
1-0: Foul Ball, location: 2F
1-1: Foul Ball, location: 2F
1-2: Strikes out swinging
Top of the 6th over - 0 runs, 0 hits, 0 errors, 0 left on base; Yakima 4 - Virginia 3
BOTTOM OF THE 6TH
Virginia Palladium Sox batting - Pitching for Yakima Hops : RHP Ryan Moreno
Batting: RHB Leonard Carroll 0-0: Ball
1-0: DOUBLE (Flyball, 8LD, EV 105.6 MPH)
Batting: RHB Juan Ocasio 0-0: Ball
1-0: Ball
2-0: Called Strike
2-1: Swinging Strike
2-2: Ball
3-2: Strikes out looking
Batting: RHB Andre Fezzik 0-0: Ball
1-0: Swinging Strike
1-1: Ball
2-1: Foul Ball, location: 2F
2-2: Foul Ball, location: 2F
2-2: Strikes out swinging
Pitching: RHP Arturo Santiago
Batting: RHB Dave Lewis 0-0: Swinging Strike
0-1: Swinging Strike
0-2: Strikes out swinging
Bottom of the 6th over - 0 runs, 1 hit, 0 errors, 1 left on base; Yakima 4 - Virginia 3
TOP OF THE 7TH
Yakima Hops batting - Pitching for Virginia Palladium Sox : LHP Sergio Gallegos
Batting: LHB Doug Cole 0-0: Ball
1-0: Ball
2-0: Foul Ball, location: 2F
2-1: Ball
3-1: Base on Balls
Pitching: RHP Billy Sipple
Batting: RHB José Hernández 0-0: Ball
1-0: Called Strike
1-1: Ball
2-1: Called Strike
2-2: Hit by Pitch
Doug Cole to second
Batting: LHB Flint Myers 0-0: Ball
1-0: Swinging Strike
1-1: SINGLE (Groundball, 34D, EV 110.0 MPH)
Doug Cole to third
José Hernández to second
Batting: SHB Pedro Montoya 0-0: Grounds into fielders choice 3-2 (Groundball, 3, EV 83.8 MPH)
José Hernández to third
Flint Myers to second
Batting: RHB Tom Taylor 0-0: Called Strike
0-1: Foul Ball, location: 2F
0-2: Ball
1-2: Hit by Pitch
José Hernández scores
Flint Myers to third
Pedro Montoya to second
Batting: RHB Sebastian Franke 0-0: Ball
1-0: Ball
2-0: SINGLE (Line Drive, 8RS, EV 102.5 MPH)
Flint Myers scores
Pedro Montoya to third
Tom Taylor to second
Runner from 3rd tries for Home, SAFE, no throw by CF
Batting: RHB Tokaji Heida 0-0: Fly out, F9 (Flyball, 9S, EV 89.4 MPH)
Batting: RHB Stock Tonports 0-0: Ball
1-0: Foul Ball, location: 2F
1-1: Swinging Strike
1-2: Foul Ball, location: 2F
1-2: Fielders Choice at 2nd, 6-4 (Groundball, 6, EV 95.6 MPH)
Top of the 7th over - 3 runs, 2 hits, 0 errors, 2 left on base; Yakima 7 - Virginia 3
BOTTOM OF THE 7TH
Virginia Palladium Sox batting - Pitching for Yakima Hops : RHP Arturo Santiago
Batting: LHB Jorge Castillo 0-0: Ball
1-0: Ball
2-0: Ball
3-0: Called Strike
3-1: Foul Ball, location: 2F
3-2: TRIPLE (Line Drive, 78XD, EV 103.1 MPH)
Batting: RHB John Ryan 0-0: Ball
1-0: Ball
2-0: Hit by Pitch
Batting: LHB Chris Fitzgerald 0-0: Ball
1-0: Ball
2-0: Foul Ball, location: 2F
2-1: Foul Ball, location: 2F
2-2: Ball
3-2: Foul Ball, location: 2F
3-2: Foul Ball, location: 2F
3-2: Foul Ball, location: 2F
3-2: Base on Balls
John Ryan to second
Batting: RHB Cristo Cuervo 0-0: Called Strike
0-1: SINGLE (Flyball, 34D, EV 96.2 MPH)
Jorge Castillo scores
John Ryan to third
Chris Fitzgerald to second
Runner from 3rd tries for Home, SAFE, throw by RF to home
Pinch Runner at 2nd Tom Matthews:
Batting: RHB Seung-hwan Pak 0-0: Called Strike
0-1: Ball
1-1: Called Strike
1-2: Ball
2-2: Ball
3-2: Fly out, F9 (Flyball, 9LS, EV 83.1 MPH)
Pitching: RHP Wilbur Carson
Batting: RHB Leonard Carroll 0-0: Called Strike
0-1: Reached on error, E6 (Groundball, 6, EV 80.6 MPH)
Tom Matthews to third
Cristo Cuervo to second
Batting: RHB Juan Ocasio 0-0: Ball
1-0: Ball
2-0: Ball
3-0: Called Strike
3-1: Base on Balls
Tom Matthews scores
Cristo Cuervo to third
Leonard Carroll to second
Batting: RHB Andre Fezzik 0-0: SINGLE (Groundball, 4, EV 87.5 MPH) (infield hit)
Cristo Cuervo scores
Leonard Carroll to third
Juan Ocasio to second
Batting: RHB Dave Lewis 0-0: Ball
1-0: Called Strike
1-1: Ball
2-1: Swinging Strike
2-2: Foul Ball, location: 2F
2-2: Strikes out swinging
Batting: LHB Jorge Castillo 0-0: Ball
1-0: Ground out 6-3 (Groundball, 6MS, EV 77.5 MPH)
Bottom of the 7th over - 4 runs, 3 hits, 1 error, 3 left on base; Yakima 7 - Virginia 7
TOP OF THE 8TH
Yakima Hops batting - Pitching for Virginia Palladium Sox : RHP Billy Sipple
Now at 2B: Lai-hsiang Loh
Batting: RHB Ezra Booth 0-0: Ball
1-0: Ball
2-0: Foul Ball, location: 2F
2-1: Foul Ball, location: 2F
2-2: SINGLE (Flyball, 3D, EV 91.9 MPH)
Batting: LHB Doug Cole 0-0: Bunted foul
0-1: Bunted foul
0-2: Ball
1-2: Foul Ball, location: 2F
1-2: Ball
2-2: Ball
3-2: Base on Balls
Ezra Booth to second
Batting: RHB José Hernández 0-0: Called Strike
0-1: Ball
1-1: Foul Ball, location: 2F
1-2: Ball
2-2: Fly out, F4 (Flyball, 4D, EV 78.8 MPH)
Batting: LHB Flint Myers 0-0: Ball
1-0: Ball
2-0: Ball
3-0: Called Strike
3-1: Base on Balls
Ezra Booth to third
Doug Cole to second
Pitching: RHP Guus Danen
Batting: SHB Pedro Montoya 0-0: Called Strike
0-1: Ball
1-1: Swinging Strike
1-2: Fly out, F8 (Flyball, 8LM, EV 88.1 MPH)
Runner from 3rd tags up, SCORES, throw by CF
Batting: RHB Tom Taylor 0-0: SINGLE (Line Drive, 78S, EV 91.2 MPH)
Doug Cole to third
Flint Myers to second
Runner from 3rd tries for Home, SAFE, throw by LF to home
Batting: RHB Sebastian Franke 0-0: Swinging Strike
0-1: Swinging Strike
0-2: Strikes out swinging
Top of the 8th over - 2 runs, 2 hits, 0 errors, 2 left on base; Yakima 9 - Virginia 7
BOTTOM OF THE 8TH
Virginia Palladium Sox batting - Pitching for Yakima Hops : RHP Wilbur Carson
Batting: RHB John Ryan 0-0: Ball
1-0: DOUBLE (Flyball, 89D, EV 91.9 MPH)
Batting: SHB Lai-hsiang Loh 0-0: Ground out U3 (Groundball, 3, EV 81.9 MPH)
John Ryan to third
Batting: RHB Cristo Cuervo 0-0: Foul Ball, location: 2F
0-1: Ball
1-1: Fly out, F9 (Line Drive, 9, EV 91.2 MPH)
Runner from 3rd tags up, SCORES, no throw by RF
Batting: RHB Seung-hwan Pak 0-0: Fly out, F2 (Popup, 3SF, EV 76.2 MPH)
Bottom of the 8th over - 1 run, 1 hit, 0 errors, 0 left on base; Yakima 9 - Virginia 8
TOP OF THE 9TH
Yakima Hops batting - Pitching for Virginia Palladium Sox : RHP Guus Danen
Batting: RHB Tokaji Heida 0-0: Ball
1-0: Ground out 6-3 (Groundball, 6, EV 88.8 MPH)
Batting: RHB Stock Tonports 0-0: Foul Ball, location: 2F
0-1: Called Strike
0-2: Ball
1-2: SINGLE (Groundball, 56D, EV 98.8 MPH)
Batting: RHB Ezra Booth 0-0: Ball
1-0: Ball
2-0: Fielders Choice at 2nd, 6-4 (Groundball, 6, EV 85.0 MPH)
Batting: LHB Doug Cole 0-0: Ball
1-0: Ball
2-0: Ball
3-0: Base on Balls
Ezra Booth to second
Batting: RHB José Hernández 0-0: Ball
1-0: Ball
2-0: Foul Ball, location: 2F
2-1: Called Strike
2-2: Strikes out looking
Top of the 9th over - 0 runs, 1 hit, 0 errors, 2 left on base; Yakima 9 - Virginia 8
BOTTOM OF THE 9TH
Virginia Palladium Sox batting - Pitching for Yakima Hops : RHP Wilbur Carson
Pitching: RHP John Guerra
Batting: RHB Leonard Carroll 0-0: Foul Ball, location: 2F
0-1: Foul Ball, location: 2F
0-2: Strikes out looking
Batting: RHB Juan Ocasio 0-0: Ball
1-0: Swinging Strike
1-1: Ball
2-1: Ball
3-1: Base on Balls
Batting: RHB Andre Fezzik 0-0: Ball
1-0: Called Strike
1-1: Foul Ball, location: 2F
1-2: Strikes out swinging
Batting: RHB Dave Lewis 0-0: Ball
1-0: Ball
2-0: Foul Ball, location: 2F
2-1: Swinging Strike
2-2: Strikes out looking
Bottom of the 9th over - 0 runs, 0 hits, 0 errors, 1 left on base; Yakima 9 - Virginia 8
Friday, April 17th, 2020 - OOTP Baseball 20.8 Build 74